 Dungeon Crawl Stone Soup version 0.25.0-9-g26727b657a (webtiles) character file.

Game seed: 7939190249393665806

175 vurker the Vexing (level 5, 0/41 HPs)
             Began as a Gnoll Arcane Marksman on June 19, 2020.
             Succumbed to a scorpion's poison
             ... on level 4 of the Dungeon.
             The game lasted 00:07:01 (5548 turns).

vurker the Vexing (Gnoll Arcane Marksman)           Turns: 5548, Time: 00:07:02

Health: 0/41       AC: 10    Str: 13    XL:     5   Next: 55%
Magic:  9/9        EV:  4    Int: 16    God:
Gold:   189        SH:  0    Dex: 15    Spells: 9/10 levels left

rFire    . . .     SeeInvis .   k - +0 whip
rCold    . . .     Gourm    .   (no shield)
rNeg     . . .     Faith    .   g - +0 plate armour
rPois    .         Spirit   .   (no helmet)
rElec    .         Reflect  .   (no cloak)
rCorr    .         Harm     .   (no gloves)
MR       .....                  (no boots)
Stlth    ..........             (no amulet)
HPRegen  0.13/turn              (no ring)
MPRegen  0.11/turn              (no ring)

@: mighty, lethally poisoned (0 -> -5)
A: distributed training, fangs 1, strong nose
a: no special abilities


You were on level 4 of the Dungeon.
You were not hungry.

You visited 1 branch of the dungeon, and saw 4 of its levels.

You collected 189 gold pieces.

Inventory:

Hand Weapons
 k - a +0 whip (weapon)
   (You took it off a kobold on level 2 of the Dungeon)
Armour
 g - a +0 plate armour (worn)
   (You found it on level 1 of the Dungeon)
Scrolls
 a - 5 scrolls of remove curse
 h - 3 scrolls of teleportation
 p - a scroll of identify
 r - a scroll of fear {unknown}
Potions
 f - 4 potions of brilliance
 i - a potion of mutation {unknown}
 l - a potion of flight {unknown}
 m - a potion of degeneration {unknown}
 n - a potion of lignification {unknown}
 q - a potion of haste {unknown}
Comestibles
 b - a chunk of flesh
 e - 10 rations


   Skills:
 + Level 3.0 Fighting
 + Level 1.5 Short Blades
 + Level 1.5 Long Blades
 + Level 1.5 Axes
 + Level 1.5 Maces & Flails
 + Level 1.5 Polearms
 + Level 1.5 Staves
 + Level 1.5 Slings
 + Level 1.5 Bows
 + Level 1.5 Crossbows
 + Level 4.8 Throwing
 + Level 1.5 Armour
 + Level 4.8 Dodging
 + Level 1.5 Stealth
 + Level 1.5 Shields
 + Level 1.5 Unarmed Combat
 + Level 3.2 Spellcasting
 + Level 1.2 Conjurations
 + Level 5.5 Hexes
 + Level 1.2 Charms
 + Level 1.2 Summonings
 + Level 1.2 Necromancy
 + Level 1.2 Translocations
 + Level 1.2 Transmutations
 + Level 1.2 Fire Magic
 + Level 1.2 Ice Magic
 + Level 1.2 Air Magic
 + Level 1.2 Earth Magic
 + Level 1.2 Poison Magic
 + Level 1.7 Invocations
 + Level 1.5 Evocations


You had 9 spell levels left.
You knew the following spells:

 Your Spells              Type           Power        Failure   Level  Hunger
a - Corona                Hex            ###....      96%         1    None

Your spell library contained the following spells:

 Spells                   Type           Power        Failure   Level  Hunger
 Slow                     Hex            ###.....     99%         2    ##.....
 Inner Flame              Hex/Fire       ##......     100%        3    ###....
 Portal Projectile        Hex/Tloc       ##....       100%        3    ###....
 Cause Fear               Hex            ###.......   100%        4    ####...
 Leda's Liquefaction      Hex/Erth       ##........   100%        4    ####...


Dungeon Overview and Level Annotations

Branches:
Dungeon (4/15)
 Temple: D:4-7

Altars:

Annotations:
D:3 7 exclusions, Blork the orc


Innate Abilities, Weirdness & Mutations

Your experience applies equally to all skills.
You have very sharp teeth.
Your uncanny sense of smell can sniff out nearby items.


Message History

You are more poisoned.
The scorpion poisons you!
Throwing (i - inventory)
j - a javelin (quivered)
Aim: a scorpion (moderately wounded)
You throw a javelin.
The javelin pierces through the scorpion.
You feel sick. The scorpion stings you.
* * * LOW HITPOINT WARNING * * *
You feel better.
The scorpion stings you but does no damage.
You hit the scorpion.
The scorpion stings you but does no damage.
You hit the scorpion.
The scorpion stings you but does no damage.
You hit the scorpion but do no damage. Your bite misses the scorpion.
The scorpion barely misses you.
You closely miss the scorpion.
The scorpion stings you but does no damage.
You barely miss the scorpion. The scorpion stings you.
* * * LOW HITPOINT WARNING * * *
You closely miss the scorpion.
The scorpion stings you but does no damage.
Your plate armour prevents you from hitting the scorpion.
The scorpion stings you but does no damage.
You hit the scorpion but do no damage. The scorpion stings you.
* * * LOW HITPOINT WARNING * * *
You are lethally poisoned!
The scorpion poisons you!
You feel better.
The scorpion stings you but does no damage.
You closely miss the scorpion. The scorpion stings you.
* * * LOW HITPOINT WARNING * * *
You are poisoned.
The scorpion poisons you!
You hit the scorpion but do no damage.
You feel sick.
The scorpion stings you but does no damage.
Your plate armour prevents you from hitting the scorpion.
You feel sick.
The scorpion stings you but does no damage.
You hit the scorpion but do no damage.
You bite the scorpion, but do no damage.
You feel sick. The scorpion stings you.
* * * LOW HITPOINT WARNING * * *
It was a potion of might.
You feel very mighty all of a sudden.
The scorpion stings you but does no damage.
Unknown command.
Okay, then.
You completely miss the scorpion.
You die...

##.##...............
#.xx#.#^...##.####..
#.#x##........... #
^x##........#.###
... #..###>.......
#. ##...#.##.###.# $
# # #...#.. .. .
....####...#.##.##
#......@...#
#.....s....#
...........#
#..........#
#..........#
#......(....
#(...........
#.............


You could see a scorpion.

Vanquished Creatures
  7 adders
  An ooze (D:1)
  4 worms
  3 dart slugs
  3 leopard geckos
  2 orcs (D:3)
  A ball python (D:2)
  8 bats
  4 giant cockroaches
  9 goblins
  7 hobgoblins
  11 jackals
  2 quokkas
  4 frilled lizards
  7 kobolds
  7 rats
80 creatures vanquished.

Notes
Turn   | Place    | Note
-------+----------+-------------------------------------------
     0 | D:1      | vurker the Gnoll Arcane Marksman began the quest for the
                  | Orb.
     0 | D:1      | Reached XP level 1. HP: 17/17 MP: 4/4
   390 | D:1      | Reached XP level 2. HP: 14/23 MP: 5/5
  1204 | D:1      | Reached XP level 3. HP: 23/28 MP: 5/7
  2224 | D:2      | Reached skill level 1 in Invocations
  2606 | D:2      | Reached skill level 1 in Short Blades
  2606 | D:2      | Reached skill level 1 in Long Blades
  2606 | D:2      | Reached skill level 1 in Axes
  2606 | D:2      | Reached skill level 1 in Maces & Flails
  2606 | D:2      | Reached skill level 1 in Polearms
  2606 | D:2      | Reached skill level 1 in Staves
  2606 | D:2      | Reached skill level 1 in Slings
  2606 | D:2      | Reached skill level 1 in Bows
  2606 | D:2      | Reached skill level 1 in Crossbows
  2606 | D:2      | Reached skill level 1 in Armour
  2606 | D:2      | Reached skill level 1 in Stealth
  2606 | D:2      | Reached skill level 1 in Shields
  2606 | D:2      | Reached skill level 1 in Unarmed Combat
  2606 | D:2      | Reached skill level 1 in Evocations
  2606 | D:2      | Reached XP level 4. HP: 16/34 MP: 8/8
  3463 | D:2      | Reached skill level 1 in Conjurations
  3463 | D:2      | Reached skill level 1 in Charms
  3463 | D:2      | Reached skill level 1 in Summonings
  3463 | D:2      | Reached skill level 1 in Necromancy
  3463 | D:2      | Reached skill level 1 in Translocations
  3463 | D:2      | Reached skill level 1 in Transmutations
  3463 | D:2      | Reached skill level 1 in Fire Magic
  3463 | D:2      | Reached skill level 1 in Ice Magic
  3463 | D:2      | Reached skill level 1 in Air Magic
  3463 | D:2      | Reached skill level 1 in Earth Magic
  3463 | D:2      | Reached skill level 1 in Poison Magic
  3675 | D:2      | Reached XP level 5. HP: 35/40 MP: 9/9
  4038 | D:3      | Noticed Blork the orc
  4794 | D:3      | Found a faded altar of an unknown god.
  5415 | D:4      | Noticed a small abomination
  5497 | D:4      | Noticed a small abomination
  5497 | D:4      | Noticed a small abomination
  5546 | D:4      | HP: 1/41 [scorpion (6)]
  5548 | D:4      | Succumbed to a scorpion's poison

Illustrated notes

Levels and vault maps discovered:
D:1:      grunt_arrival_lava_bath, layout_basic
D:2:      layout_basic
D:3:      layout_loops_ring, chequers_ecumenical_altar_twisty, first_ration,
          tgw_sif
D:4:      layout_basic, grunt_dithmenos_smoke, gammafunk_ghost_abyssal_escape,
          nrook_mini_backslash, kennysheep_generic_room_15, uniq_menkaure,
          uniq_robin, uniq_grinder

Skill      XL: |  1  2  3  4  5 |
---------------+----------------+-----
Invocations    | 1 |  1.7
Short Blades   | 1 |  1.5
Long Blades    | 1 |  1.5
Axes           | 1 |  1.5
Maces & Flails | 1 |  1.5
Polearms       | 1 |  1.5
Staves         | 1 |  1.5
Slings         | 1 |  1.5
Bows           | 1 |  1.5
Crossbows      | 1 |  1.5
Armour         | 1 |  1.5
Stealth        | 1 |  1.5
Shields        | 1 |  1.5
Unarmed Combat | 1 |  1.5
Evocations     | 1 |  1.5
Spellcasting   | 3 |  3.2
Conjurations   | 1 |  1.2
Charms         | 1 |  1.2
Summonings     | 1 |  1.2
Necromancy     | 1 |  1.2
Translocations | 1 |  1.2
Transmutations | 1 |  1.2
Fire Magic     | 1 |  1.2
Ice Magic      | 1 |  1.2
Air Magic      | 1 |  1.2
Earth Magic    | 1 |  1.2
Poison Magic   | 1 |  1.2
Fighting       | 3 |  3.0
Throwing       | |  4.8
Dodging        | |  4.8
Hexes          | |  5.5

Action                   |  1- 3 |  4- 6 || total
-------------------------+-------+-------++-------
Melee: Unarmed           |   230 |       ||   230
       Bite              |    24 |    33 ||    57
       Punch             |     1 |       ||     1
       Whip              |    24 |   299 ||   323
Throw: Javelin           |    18 |    14 ||    32
       Throwing net      |     1 |     2 ||     3
 Cast: Corona            |     3 |       ||     3
  Use: Scroll            |       |     5 ||     5
       Potion            |       |     3 ||     3
 Stab: Sleeping          |     2 |       ||     2
       Held in net/web   |     1 |     1 ||     2
  Eat: Chunk             |     5 |    10 ||    15
Armor: Robe              |     8 |       ||     8
       Plate armour      |   112 |   295 ||   407
Dodge: Dodged            |   111 |    89 ||   200
